 Dungeon Crawl Stone Soup version 0.30-a0-457-g4b7bca3bfa (webtiles) character file.

Game seed: 12197633134316726778

352 Lobster4 the Caller (level 6, 0/44 HPs)
             Began as a Human Summoner on Dec 13, 2022.
             Slain by a black bear (1 damage)
             ... on level 4 of the Dungeon.
             The game lasted 00:08:45 (3342 turns).

Lobster4 the Caller (Human Summoner)                Turns: 3342, Time: 00:08:45

Health: 0/44       AC:  4    Str: 14    XL:     6   Next: 94%
Magic:  3/10       EV: 12    Int: 17    God:
Gold:   151        SH:  0    Dex: 14    Spells: 5/11 levels left

rFire   . . .      SeeInvis .    d - +1 short sword
rCold   + . .      Faith    .    (no shield)
rNeg    . . .      Spirit   .    p - +1 leather armour "Put-Me-On" {rC+ rCorr}
rPois   .          Reflect  .    (no helmet)
rElec   .          Harm     .    (no cloak)
rCorr   +          Rampage  .    (no gloves)
Will    .....                    (no boots)
Stlth   ++........               (no amulet)
HPRegen 0.27/turn                l - +6 ring of strength
MPRegen 0.12/turn                (no ring)

@: no status effects
A: no striking features
a: no special abilities


You were on level 4 of the Dungeon.
You visited 1 branch of the dungeon, and saw 4 of its levels.

You collected 151 gold pieces.

Inventory:

Hand Weapons
 d - a +1 short sword (weapon)
 s - a +0 vorpal scythe
Armour
 e - an orb of mayhem
 p - the +1 leather armour "Put-Me-On" (worn) {rC+ rCorr}
   (You found it on level 3 of the Dungeon)

   rC:        It protects you from cold.
   rCorr:     It protects you from acid and corrosion.
Jewellery
 l - a +6 ring of strength (left hand)
 t - a ring of magical power
Wands
 o - a wand of acid (9)
 r - a wand of digging (3)
Scrolls
 c - a scroll of enchant weapon
 f - a scroll of teleportation {unknown}
 h - 3 scrolls of fear
 j - a scroll of enchant armour {unknown}
 n - a scroll of immolation {unknown}
 u - 2 scrolls of poison
Potions
 a - a potion of heal wounds
 b - a potion of magic
 i - a potion of haste
 k - a potion of curing
 m - a potion of lignification {unknown}


   Skills:
 + Level 2.1 Fighting
 + Level 0.8 Polearms
 + Level 2.1 Armour
 - Level 3.0 Dodging
 - Level 3.0 Stealth
 + Level 3.0 Spellcasting
 * Level 5.3 Summonings


You had 5 spell levels left.
You knew the following spells:

 Your Spells              Type           Power      Damage    Failure   Level
a - Summon Small Mammal   Summ           80%        N/A       2%          1
b - Call Imp              Summ           20%        N/A       3%          2
c - Call Canine Familiar  Summ           20%        N/A       7%          3

Your spell library contained the following spells:

 Spells                   Type           Power      Damage    Failure   Level
 Slow                     Hex            8%         N/A       22%         1
 Summon Guardian Golem    Hex/Summ       11%        N/A       22%         3
 Confusing Touch          Hex            2%         N/A       54%         3
 Vampiric Draining        Necr           2%         2d6       54%         3
 Summon Lightning Spire   Summ/Air       11%        N/A       56%         4


Dungeon Overview and Level Annotations

Branches:
Dungeon (4/15)
 Temple: D:4-7

Altars:
Nemelex Xobeh
Uskayaw

Annotations:
D:4 1 runed translucent door, hgbash's ghost, amateur MiBe


Message History

Your crimson imp hits the black bear but does no damage.
The black bear goes berserk!
Your hound barely misses the black bear.
You hit the black bear but do no damage.
The black bear is severely wounded.
Your bat hits the black bear but does no damage.
Your hound bites the black bear.
The black bear bites your hound!
The black bear closely misses your hound.
The black bear claws your hound.
Your hound dies!
Your hound's corpse disappears in a puff of smoke!
Your crimson imp hits the black bear.
You hit the black bear.
The black bear is almost dead.
The black bear bites you.
The black bear claws you but does no damage. x2
Your crimson imp barely misses the black bear.
Your bat barely misses the black bear.
The black bear bites you.
The black bear claws you but does no damage.
The black bear claws you.
You hit the black bear but do no damage.
The black bear is almost dead.
Your bat closely misses the black bear.
The black bear bites you.
The black bear claws you but does no damage.
The black bear claws you.
Your crimson imp blinks!
Casting: Summon Small Mammal (safe; 2% risk of failure)
Confirm with . or Enter, or press ? or * to list all spells.
A beastly little devil appears in a puff of flame.
Your crimson imp disappears in a puff of smoke!
The black bear barely misses you. The black bear claws you.
* * * LOW HITPOINT WARNING * * *
The black bear claws you.
* * * LOW HITPOINT WARNING * * *
Your bat closely misses the black bear.
The black bear bites you but does no damage.
The black bear claws you.
* * * LOW HITPOINT WARNING * * *
The black bear claws you.
You die...

#........# #.#......##
##.#..!....##
#..#........#
##.##........##
#..##.........# ####
#..##.........##
##....#§###..........#
......h@# #..........#
.....§b## #..........#
......5## #..........#
#........##..........##
##..§.....#...........#
#...#+#..............#
#...##W##.............#
...##...##............#
#..##.....##..........##


You could see a black bear (berserk, ally target), hgbash's ghost, a friendly
crimson imp (summoned) and a friendly bat (summoned).

Vanquished Creatures
  An iguana (D:3)
  An adder (D:3)
  A worm (D:2)
  A dart slug (D:1)
  3 endoplasms
  2 giant cockroaches
  4 goblins
  A quokka (D:2)
  A ball python (D:1)
  4 kobolds
  4 rats
23 creatures vanquished.

Vanquished Creatures (collateral kills)
  Sigmund (D:3)
  A scorpion (D:4)
  A jelly (D:4)
  2 adders
  2 dart slugs
  3 endoplasms
  2 giant cockroaches
  3 goblins
  5 hobgoblins
  2 jackals (D:4)
  5 ball pythons
  4 bats
  A frilled lizard (D:1)
  2 kobolds
  A rat (D:2)
35 creatures vanquished.

Grand Total: 58 creatures vanquished

Notes
Turn   | Place    | Note
-------+----------+-------------------------------------------
     0 | D:1      | Lobster4 the Human Summoner began the quest for the Orb.
     0 | D:1      | Reached XP level 1. HP: 13/13 MP: 3/3
   128 | D:1      | Reached XP level 2. HP: 17/19 MP: 1/5
   299 | D:1      | Found a faded altar of an unknown god.
   369 | D:1      | Learned a level 2 spell: Call Imp
   595 | D:1      | Reached XP level 3. HP: 8/25 MP: 1/6
  1332 | D:2      | Reached skill level 1 in Armour
  1588 | D:2      | Reached XP level 4. HP: 31/31 MP: 3/7
  1681 | D:3      | Noticed Sigmund
  1794 | D:3      | Reached skill level 1 in Fighting
  1874 | D:3      | Identified the +1 leather armour "Put-Me-On" {rC+ rCorr}
  2222 | D:3      | Reached XP level 5. HP: 37/37 MP: 3/8
  2523 | D:3      | Found a sparkling altar of Nemelex Xobeh.
  2732 | D:3      | Found a hide-covered altar of Uskayaw.
  2914 | D:3      | Killed Sigmund
  2915 | D:3      | Reached skill level 5 in Summonings
  2915 | D:3      | Reached XP level 6. HP: 44/44 MP: 5/10
  3045 | D:4      | Noticed hgbash's ghost (amateur MiBe)
  3236 | D:4      | Found a runed translucent door.
  3280 | D:4      | Learned a level 3 spell: Call Canine Familiar
  3333 | D:4      | Noticed a black bear
  3342 | D:4      | HP: 1/44 [black bear (6)]
  3342 | D:4      | Slain by a black bear

Illustrated notes

Levels and vault maps discovered:
D:1:      elethiomel_arrival_infinity_welcomes_careful_drivers, layout_rooms,
          basic_ecumenical_altar
D:2:      layout_loops_cross, nicolae_elevator_lobby_plus
D:3:      layout_basic, nicolae_uskayaw_suspiria, mainiacjoe_overflow_alcove_4,
          uniq_sigmund
D:4:      minmay_clustersquares, layout_cave_pods, nicolae_ru_awakened_eye,
          hellmonk_ghost_happy_afterlife

Skill      XL: |  1  2  3  4  5  6 |
---------------+-------------------+-----
Armour         | 1 2 |  2.1
Fighting       | 1 2 |  2.1
Stealth        | 3 |  3.0
Summonings     | 5 |  5.3
Dodging        | 3 |  3.0
Spellcasting   | 3 |  3.0
Polearms       | |  0.8

Action                   |  1- 3 |  4- 6 || total
-------------------------+-------+-------++-------
Melee: Unarmed           |    20 |       ||    20
       Punch             |     2 |       ||     2
       Short sword       |    52 |    47 ||    99
 Cast: Summon Small Mamm |    41 |    28 ||    69
       Call Imp          |     9 |    14 ||    23
       Call Canine Famil |       |     1 ||     1
  Use: Scroll            |       |     5 ||     5
       Potion            |       |     1 ||     1
 Stab: Sleeping          |     2 |       ||     2
       Distracted        |     1 |     1 ||     2
Armor: Robe              |    16 |     1 ||    17
       Leather armour    |       |    16 ||    16
Dodge: Dodged            |    70 |    36 ||   106

Table legend: (Time is in decaauts)
 A = Elapsed time spent in this place.
 B = Non-inter-level travel time spent in this place.
 C = Inter-level travel time spent in this place.
 D = Time resting spent in this place.
 E = Time spent auto-exploring this place.
 F = Levels seen in this place.
 G = Mean time per level.
                   A        B        C        D        E       F      G
               +--------+--------+--------+--------+--------+-----+--------+
         Total |   3340 |   3283 |     57 |    373 |   2251 |   4 |  835.0 |
       Dungeon |   3340 |   3283 |     57 |    373 |   2251 |   4 |  835.0 |
               +--------+--------+--------+--------+--------+-----+--------+

Top non-repeatable levels by time:
     D:3: 1290 daAuts
     D:2: 870 daAuts
     D:1: 803 daAuts
     D:4: 375 daAuts
